[Event "Late-Titled-Tuesday-Blitz-January-16-2024"]
[Site "Chess.com"]
[Date "2024.01.16"]
[Round "3"]
[White "RCone"]
[Black "TangerineandLemon25"]
[Result "0-1"]
[WhiteElo "2425"]
[BlackElo "2611"]
[TimeControl "180+1"]
[EndTime "14:27:38 PST"]
[Termination "TangerineandLemon25 won on time"]

1. e4 c5 2. Nc3 d6 3. f4 g6 4.
Nf3 Bg7 5. Bb5+ Bd7 6. Bxd7+ Qxd7 7. d3 Nc6 8. O-O e6 9. f5 Nge7 10. fxe6 fxe6 11. Ng5 O-O-O 12. Nf7 Ne5 13. Nxh8 Rxh8 14. Be3 N7c6 15. h3 Qe7 16. Qd2 h6 17. Ne2 g5 18. Ng3 Ng6 19. Nh5 Bxb2 20. Rab1 Be5 21. c3 d5 22. d4 cxd4 23. cxd4 Bc7 24. e5 Nh4 25. Rf6 Bb6 26. Rbf1 Nf5 27. Bf2 Nfxd4 28.
Kh1 Nf5 29. Bxb6 axb6 30. g4 Nfd4 31. Rf7 Qa3 32. Kg2 Kb8 33. Nf6 Rc8 34. Nd7+ Ka7 35.
R7f3 Nxf3 36. Rxf3 Qa6 37. Qb2 Na5 38. Ra3 Rc6 39.
Rb3 Nxb3 40. axb3 Qa5 41. b4 Qa4 42. Kg3 Rc2 43. Qd4 Qb3+ 0-1

[Event "Late-Titled-Tuesday-Blitz-January-16-2024"]
[Site "Chess.com"]
[Date "2024.01.16"]
[Round "3"]
[White "Oleksandr_Bortnyk"]
[Black "dretch"]
[Result "1-0"]
[WhiteElo "3112"]
[BlackElo "2791"]
[TimeControl "180+1"]
[EndTime "14:27:39 PST"]
[Termination "Oleksandr_Bortnyk won on time"]

1. e4 e6 2. d4 d5 3. e5 c5 4. Nf3 cxd4 5. Bd3 Nc6 6. O-O f6 7. Bf4 fxe5 8. Nxe5 Nf6 9. Re1 Bd6 10. Nd2 O-O 11. Ndf3 Qc7 12. Bg3 Bd7 13. Rc1 Nxe5 14. Nxe5 Be8 15. Qe2 Bh5 16. f3 Rae8 17. Bf2 Bb4 18.
Rf1 Bc5 19. g4 Bf7 20. Bg3 Qe7 21. Bh4 Qc7 22. Rce1 Nd7 23. Bg3 Bd6 24. Nxd7 Bxg3 25. hxg3 Qxd7 26. Bb5 Qc7 27. Bxe8 Rxe8 28. f4 Bg6 29.
Qe5 Qxc2 30. f5 Bf7 31. fxe6 Bxe6 32. Qxd5 Qc7 33. Kh2 Qc2+ 34. Kh3 Qc8 35. Qxd4 h5 36.
Kh2 hxg4 37. Rc1 Qb8 38. Rfd1 b6 39. Qd6 Qa8 40. Re1 Bf7 41. Qf4 Rxe1 42. Rxe1 Qc8 43.
Qe4 1-0

[Event "Late-Titled-Tuesday-Blitz-January-16-2024"]
[Site "Chess.com"]
[Date "2024.01.16"]
[Round "3"]
[White "IgorBjelobrk"]
[Black "VladimirKramnik"]
[Result "1-0"]
[WhiteElo "2657"]
[BlackElo "2907"]
[TimeControl "180+1"]
[EndTime "14:27:39 PST"]
[Termination "IgorBjelobrk won on time"]

1. d4 Nf6 2. c4 e6 3. g3 Bb4+ 4.
Bd2 Be7 5. Bg2 d5 6. Nf3 c6 7.
Qc2 Nbd7 8. O-O Ne4 9. Nc3 f5 10. b3 O-O 11. Bc1 b6 12. Bb2 Bb7 13. Rad1 Rc8 14.
Ne5 Nxe5 15. dxe5 Qe8 16. Nxe4 fxe4 17. f3 Qg6 18. fxe4 c5 19. cxd5 exd5 20. Rf5 b5 21.
Rdf1 d4 22. b4 Qb6 23. bxc5 Qxc5 24. Qd3 Rcd8 25. Rc1 Qb4 26. Qb3+ Qxb3 27. axb3 Bc8 28. Rxf8+ Bxf8 29. Bxd4 Be6 30. Bxa7 Bxb3 31. Kf2 b4 32. Bh3 Re8 33. e6 Bxe6 34. Bxe6+ Rxe6 35. Ke3 Ra6 36. Bd4 b3 37. Rc8 Kf7 38. Rb8 Ra3 39. Kd2 Bd6 40. Rb7+ Ke6 41. Rb6 Kd7 42. Bb2 Ra4 43. e5 1-0

[Event "Late-Titled-Tuesday-Blitz-January-16-2024"]
[Site "Chess.com"]
[Date "2024.01.16"]
[Round "3"]
[White "nfds"]
[Black "Jarming"]
[Result "0-1"]
[WhiteElo "2501"]
[BlackElo "2709"]
[TimeControl "180+1"]
[EndTime "14:27:39 PST"]
[Termination "Jarming won by resignation"]

1. Nc3 g6 2. Nf3 c5 3. g3 Bg7 4.
Bg2 Nc6 5. O-O e5 6. e3 d5 7. d3 Nf6 8. Bd2 h6 9. Qe2 O-O 10. e4 d4 11. Nb1 Be6 12. a4 a6 13. Na3 Rb8 14. a5 Ne8 15. Nc4 Nd6 16. b3 Re8 17.
Rfe1 Re7 18. Nh4 Qc7 19. Nb6 Rbe8 20. Rf1 Nb5 21. Qe1 Qd8 22. Kh1 Kh7 23. Na4 Qd6 24.
Nb6 Nb4 25. Qd1 f5 26. Nc4 Qd7 27. exf5 gxf5 28. Bxb4 cxb4 29. Qh5 Rf8 30. Ng6 e4 31. Nxf8+ Bxf8 32. Ne5 Qd6 33. Ng6 Rc7 34. dxe4 Bg7 35. exf5 Bf7 36. Rae1 Rxc2 37. Re7 Qxe7 38. Nxe7 Bxh5 39.
f6 Bxf6 40. Be4+ Kh8 41. Nd5 Re2 42. Nxf6 Rxe4 43. Nxe4 Bf3+ 44. Kg1 Bxe4 45. Re1 Nc3 46. f3 d3 47. fxe4 d2 48. Rf1 d1=Q 49. Rxd1 Nxd1 50.
Kg2 Kg7 51. Kf3 Kf6 52. Kf4 0-1

[Event "Late-Titled-Tuesday-Blitz-January-16-2024"]
[Site "Chess.com"]
[Date "2024.01.16"]
[Round "3"]
[White "Rud_Makarian"]
[Black "Maitreia"]
[Result "1-0"]
[WhiteElo "3049"]
[BlackElo "2727"]
[TimeControl "180+1"]
[EndTime "14:27:40 PST"]
[Termination "Rud_Makarian won on time"]

1. d4 Nf6 2. c4 g6 3. Nc3 Bg7 4.
e4 O-O 5. Be2 d6 6. Be3 e5 7. d5 a5 8. g4 Na6 9. g5 Nd7 10. h4 Ndc5 11. h5 c6 12. Nf3 cxd5 13. cxd5 Bd7 14. Nd2 a4 15. Kf1 f6 16. hxg6 hxg6 17. gxf6 Qxf6 18. Bg4 Nb4 19. Bxd7 Nxd7 20. Qg4 Nc5 21. Kg2 Nc2 22. Raf1 Nd3 23. Qe6+ Qxe6 24.
dxe6 a3 25. Nd5 Rae8 26. bxa3 Rxe6 27. Bg5 Nf4+ 28. Bxf4 exf4 29. Rb1 f3+ 30. Nxf3 Rxe4 31.
Rxb7 Rg4+ 32. Kh3 Re4 33. Ng5 Re5 34. Ne7+ Rxe7 35. Rxe7 Bf6 36. Rc7 Nd4 37. Nh7 Rf7 38.
Rxf7 Kxf7 39. Nxf6 Kxf6 40. a4 d5 41. a5 Ke5 42. a6 Nb5 43. Rb1 Na7 44. Rb7 Nc6 45. Rb6 1-0

[Event "Late-Titled-Tuesday-Blitz-January-16-2024"]
[Site "Chess.com"]
[Date "2024.01.16"]
[Round "3"]
[White "M1711"]
[Black "Zhigalko_Sergei"]
[Result "0-1"]
[WhiteElo "2665"]
[BlackElo "2965"]
[TimeControl "180+1"]
[EndTime "14:27:40 PST"]
[Termination "Zhigalko_Sergei won on time"]

1. d4 Nf6 2. Nf3 e6 3. Bg5 h6 4. Bh4 b6 5. Nbd2 Bb7 6. c3 Be7 7. e3 d6 8. Bd3 Nbd7 9. O-O O-O 10. a4 a6 11. e4 Nh5 12. Bg3 c5 13. Qe2 Qc7 14. Rfc1 Rfd8 15. b4 Nf8 16. Qe3 Rac8 17. a5 Nxg3 18. axb6 Qxb6 19. bxc5 dxc5 20. hxg3 cxd4 21.
cxd4 Rxc1+ 22. Rxc1 Rc8 23. Nc4 Qa7 24. Rb1 Nd7 25.
Kh1 Ba8 26. Ra1 Nf6 27. Nfe5 Rd8 28. f3 Bb4 29. Na5 Qc7 30. Nb3 a5 31. Bf1 Nh5 32. f4 Bxe4 33. g4 Nf6 34. g5 hxg5 35. fxg5 Nh5 36.
Be2 Qc3 37. Qxc3 Bxc3 38. Rc1 Ng3+ 39. Kh2 Nxe2 40. Re1 Bxe1 0-1

[Event "Late-Titled-Tuesday-Blitz-January-16-2024"]
[Site "Chess.com"]
[Date "2024.01.16"]
[Round "3"]
[White "K_A_S_T_O_R"]
[Black "MKlose11"]
[Result "1-0"]
[WhiteElo "2923"]
[BlackElo "2644"]
[TimeControl "180+1"]
[EndTime "14:27:42 PST"]
[Termination "K_A_S_T_O_R won by resignation"]

1. e4 e6 2. d4 d5 3. Nc3 Bb4 4. e5 Ne7 5. Bd2 b6 6. Bb5+ c6 7. Ba4 O-O 8. Nce2 Bxd2+ 9. Qxd2 Ba6 10. Nf3 c5 11. c3 Nbc6 12. O-O Rc8 13. Rfe1 Bxe2 14.
Rxe2 cxd4 15. cxd4 Ng6 16. Bc2 Rc7 17. g3 Qe7 18. Bd3 Nb4 19. Bb1 Rfc8 20. a3 Rc1+ 21. Re1 Rxe1+ 22. Nxe1 Nc6 23. b4 Qc7 24. Nf3 Nce7 25.
Bd3 Qc3 26. Qxc3 Rxc3 27. Be2 Nc6 28. Kf1 Nge7 29. Ke1 Nb8 30. Kd2 Rc7 31. b5 h6 32.
h4 Kf8 33. h5 Ke8 34. Bd3 Nd7 35. Ne1 Nf8 36. g4 Nd7 37. Nc2 f6 38. f4 Kf7 39.
Nb4 Nb8 40. a4 Rc8 41. Rf1 Rc7 42. g5 hxg5 43. fxg5 f5 44. Na2 Nd7 45. Nc3 Nf8 46. Ne2 Ke8 47. Nf4 Kf7 48. g6+ Kg8 49. Ra1 Nc8 50.
a5 bxa5 51. Rxa5 Nb6 52. Ra6 Re7 53. Ra3 Rc7 54. Rc3 Rxc3 55. Kxc3 Na4+ 56. Kb4 Nb2 57. Be2 Nd7 58. Nxe6 1-0

[Event "Late-Titled-Tuesday-Blitz-January-16-2024"]
[Site "Chess.com"]
[Date "2024.01.16"]
[Round "3"]
[White "pooh2012"]
[Black "Incognito_Knight"]
[Result "1-0"]
[WhiteElo "2550"]
[BlackElo "2745"]
[TimeControl "180+1"]
[EndTime "14:27:42 PST"]
[Termination "pooh2012 won on time"]

1. d4 d5 2. Nf3 Nf6 3. Bf4 c5 4. e3 Nc6 5. c3 Qb6 6. Qc1 Bf5 7. Na3 a6 8. Be2 e6 9. Nc2 c4 10. Ne5 Nxe5 11. Bxe5 Nd7 12. Bg3 Bd6 13. O-O O-O 14.
Re1 Bxg3 15. hxg3 Rfc8 16. g4 Bg6 17. f3 Qd6 18. Qd2 Qg3 19. Bf1 Nf6 20. Na3 b5 21. Qf2 Qd6 22. g5 Nd7 23. Nc2 a5 24. e4 b4 25. Ne3 Nb6 26. Ng4 Rab8 27. Qd2 bxc3 28. bxc3 Na4 29. Ne5 Rb2 30. Qe3 Qa3 31. exd5 exd5 32.
Rac1 Rxa2 33. Nxg6 hxg6 34. Qe5 Rd8 35. Qc7 Qd6 36.
Re8+ Rxe8 37. Qxd6 Rb2 38. Qxd5 Nb6 39. Qc6 Re6 40.
Qc5 1-0

[Event "Late-Titled-Tuesday-Blitz-January-16-2024"]
[Site "Chess.com"]
[Date "2024.01.16"]
[Round "3"]
[White "EddieUrquhart"]
[Black "Fh2411"]
[Result "1/2-1/2"]
[WhiteElo "2427"]
[BlackElo "2590"]
[TimeControl "180+1"]
[EndTime "14:27:42 PST"]
[Termination "Game drawn by repetition"]

1. e4 c5 2. Nc3 a6 3. d4 cxd4 4. Qxd4 Nc6 5. Qd2 e6 6. b3 Nf6 7.
Bb2 Qa5 8. O-O-O Ba3 9. f4 Bb4 10.
Bd3 d5 11. a3 Bxa3 12. exd5 Nxd5 13. Nxd5 Bxb2+ 14. Kxb2 Qxd5 15. Qc3 Qd4 16. Qxd4 Nxd4 17. Be4 Nc6 18. Nf3 Bd7 19. Rhe1 O-O-O 20. Ng5 Be8 21.
Bxc6 bxc6 22. Rxd8+ Kxd8 23. Ra1 h6 24. Nf3 g5 25. Rxa6 gxf4 26. Ne5 Rg8 27. Ra8+ Kc7 28. Ra7+ Kd6 29. Nxf7+ Bxf7 30. Rxf7 Rxg2 31. Rxf4 Rxh2 32.
b4 h5 33. Kb3 h4 34. c4 Ke5 35.
Rf8 h3 36. Rh8 Rh1 37. b5 cxb5 38. cxb5 Kf4 39. Kb2 Rh2+ 40. Kb3 Rh1 41. Kb2 Rh2+ 42.
Kb3 Rh1 1/2-1/2

[Event "Late-Titled-Tuesday-Blitz-January-16-2024"]
[Site "Chess.com"]
[Date "2024.01.16"]
[Round "3"]
[White "infinitypoint"]
[Black "WilliamAlfaroCaracas"]
[Result "1-0"]
[WhiteElo "2588"]
[BlackElo "2223"]
[TimeControl "180+1"]
[EndTime "14:27:42 PST"]
[Termination "infinitypoint won on time"]

1. d4 Nf6 2. c4 e6 3. Nc3 d5 4.
cxd5 exd5 5. Bg5 Be7 6. e3 Nbd7 7. Bd3 O-O 8. Nge2 Re8 9. O-O c6 10. Qc2 Nf8 11. f3 Nh5 12. Bxe7 Qxe7 13. e4 dxe4 14.
fxe4 Be6 15. Rae1 Rad8 16. e5 g6 17. Ne4 Bf5 18. Nd6 Rxd6 19. Bxf5 Rdd8 20. Bd3 Ne6 21. Bc4 Rf8 22. Qc3 Nhg7 23. Rd1 Nf5 24. Rxf5 gxf5 25. Ng3 Qg5 26. h4 Qg4 27. Be2 Qxh4 28. Nxf5 Qg5 29.
Nd6 Kh8 30. Bc4 Nf4 31. Qf3 f6 32. Ne4 Qf5 33. Nxf6 Rxf6 34. exf6 Qxf6 35. Qe4 Ng6 36. d5 cxd5 37. Rxd5 Qb6+ 38. Kh2 Qf6 39. Rxd8+ Qxd8 40. Bd5 Qf6 41. Qe8+ Kg7 42. Qd7+ Kh6 43. Qh3+ Kg7 44. Qc3 1-0

[Event "Late-Titled-Tuesday-Blitz-January-16-2024"]
[Site "Chess.com"]
[Date "2024.01.16"]
[Round "3"]
[White "NikolaGry"]
[Black "TEREZANA"]
[Result "1-0"]
[WhiteElo "2740"]
[BlackElo "2519"]
[TimeControl "180+1"]
[EndTime "14:27:43 PST"]
[Termination "NikolaGry won by checkmate"]

1. b3 e5 2. Bb2 Nc6 3. c4 Nf6 4. e3 d5 5. cxd5 Nxd5 6. a3 Bd6 7. d3 O-O 8. Nf3 Qe7 9. Nbd2 f5 10. Qc2 Be6 11. Be2 a5 12. O-O Rad8 13. Rfe1 h6 14.
Bf1 Nf6 15. Nc4 Bf7 16. d4 e4 17. Nfe5 Bxe5 18. Nxe5 Nxe5 19. dxe5 Ng4 20. Rac1 c6 21. h3 Nxe5 22. Qc3 Rfe8 23. Qxa5 Bxb3 24. Qxe5 Qxe5 25. Bxe5 Rxe5 26. Rb1 Bf7 27. Rxb7 Ra5 28. Rc1 Bd5 29. Bc4 Rxa3 30. Bxd5+ Rxd5 31. Rxc6 Ra1+ 32. Kh2 Rd2 33. Rc8+ Kh7 34. Rcc7 Rxf2 35. Rxg7+ Kh8 36. Rgc7 Ra8 37.
Rh7+ Kg8 38. Rxh6 f4 39. Rg6+ Kh8 40. exf4 e3 41. Re7 Raa2 42. Rxe3 Rxf4 43. Reg3 Ra8 44. Rh6# 1-0

[Event "Late-Titled-Tuesday-Blitz-January-16-2024"]
[Site "Chess.com"]
[Date "2024.01.16"]
[Round "3"]
[White "Ticondriul"]
[Black "OparinGrigoriy"]
[Result "0-1"]
[WhiteElo "2729"]
[BlackElo "3058"]
[TimeControl "180+1"]
[EndTime "14:27:45 PST"]
[Termination "OparinGrigoriy won on time"]

1. d4 Nf6 2. Nf3 b5 3. e3 a6 4. Bd3 Bb7 5. O-O e6 6. b3 c5 7. Bb2 cxd4 8. exd4 d6 9. Nbd2 Nbd7 10. Qe2 Be7 11.
c3 O-O 12. a4 bxa4 13. Rxa4 a5 14. c4 Bc6 15. Ra2 Re8 16. Bc3 Bf8 17. Rfa1 a4 18. b4 e5 19. d5 Bb7 20. Ne4 Nxe4 21. Qxe4 g6 22. Qg4 Bg7 23. Ng5 Qe7 24. h4 h6 25. Nh3 e4 26. Bxg7 Kxg7 27. Bf1 f5 28. Qg3 Ne5 29. Nf4 Bc8 30. c5 g5 31. Rxa4 Rxa4 32.
Rxa4 Ng4 33. hxg5 hxg5 34. cxd6 Qf7 35. Ne2 f4 36. Qc3+ Kh6 37. Qc5 e3 38. Ra7 exf2+ 39. Qxf2 Qh5 40. g3 Nxf2 41. Kxf2 Qh2+ 42. Bg2 Bh3 43.
Nxf4 gxf4 0-1

[Event "Late-Titled-Tuesday-Blitz-January-16-2024"]
[Site "Chess.com"]
[Date "2024.01.16"]
[Round "3"]
[White "Bastiandash"]
[Black "Megagigahiper3345"]
[Result "1-0"]
[WhiteElo "2514"]
[BlackElo "2684"]
[TimeControl "180+1"]
[EndTime "14:27:46 PST"]
[Termination "Bastiandash won by checkmate"]

1. d4 Nf6 2. c4 g6 3. f3 e6 4. e4 d5 5. Nc3 dxe4 6. fxe4 c5 7.
d5 exd5 8. exd5 Bg7 9. Nf3 O-O 10.
Be2 Bg4 11. O-O Nbd7 12. Bf4 Re8 13. Qd2 Nh5 14. Bg5 Qb6 15. Rae1 a6 16. Bd1 Qd6 17. Ne4 Qb6 18. b3 f5 19. Nf2 Nhf6 20. Bh6 Bh8 21.
Ng5 Bxd1 22. Qxd1 Qa5 23. Rxe8+ Rxe8 24. Qc2 Ne5 25. Ne6 Nfg4 26. Bf4 Nxf2 27. Qxf2 Ng4 28. Qd2 Qb6 29. Re1 Nf6 30. Ng5 Qd8 31. Ne6 Qc8 32. Kh1 Ne4 33. Qe3 Qd7 34. Qh3 Bc3 35. Rf1 Bf6 36. Qd3 Bg7 37. Qf3 Bh8 38. g4 b5 39.
gxf5 Nf6 40. fxg6 hxg6 41. Rg1 Nh7 42. Rxg6+ Kf7 43. Qh5 Nf6 44. Rg7# 1-0

[Event "Late-Titled-Tuesday-Blitz-January-16-2024"]
[Site "Chess.com"]
[Date "2024.01.16"]
[Round "3"]
[White "LastHeroJr"]
[Black "varunkrishnanchess"]
[Result "0-1"]
[WhiteElo "2467"]
[BlackElo "2642"]
[TimeControl "180+1"]
[EndTime "14:27:46 PST"]
[Termination "varunkrishnanchess won by resignation"]

1. e4 e5 2. Nf3 Nc6 3. Bc4 Bc5 4. O-O Nf6 5. d3 O-O 6. a4 a5 7. Bg5 d6 8. c3 h6 9. Bh4 g5 10. Bg3 Bg4 11. Nbd2 Bb6 12. Qb3 Nd7 13. Rfe1 Nc5 14. Qc2 Ne6 15. h3 Bh5 16. Nh2 Nf4 17. Ndf1 Ne7 18. Ne3 c6 19. Nhg4 Kg7 20. Bb3 Bg6 21.
Nh2 f5 22. Rad1 Nxh3+ 23. gxh3 f4 24. Kg2 h5 25. d4 Qc7 26. Nf3 fxg3 27. fxg3 d5 28.
Nxg5 Rf6 29. Rf1 Raf8 30. Rxf6 Rxf6 31. Rf1 Qd8 32. h4 exd4 33. Rxf6 Kxf6 34. Qf2+ Nf5 35. Nxf5 dxc3 36. Nh6+ Bxf2 37. Kxf2 cxb2 38. Ba2 Qb6+ 39.
Kg2 b1=Q 40. Bxb1 Qxb1 41. e5+ Ke7 42. Nhf7 Qb2+ 0-1

[Event "Late-Titled-Tuesday-Blitz-January-16-2024"]
[Site "Chess.com"]
[Date "2024.01.16"]
[Round "3"]
[White "aghasiyevkamal"]
[Black "Cheer_Down"]
[Result "0-1"]
[WhiteElo "2614"]
[BlackElo "2472"]
[TimeControl "180+1"]
[EndTime "14:27:46 PST"]
[Termination "Cheer_Down won by resignation"]

1. d4 Nf6 2. c4 e6 3. g3 d5 4. Nf3 Be7 5. Bg2 O-O 6. O-O dxc4 7.
Qc2 a6 8. a4 Bd7 9. Qxc4 Bc6 10. Bg5 Nbd7 11. a5 h6 12. Bf4 Bd5 13. Qc1 c5 14.
Nc3 Bc6 15. dxc5 Nxc5 16. Qc2 Nd5 17. Nxd5 Qxd5 18. Rfd1 Qb3 19. Nd4 Qxc2 20. Nxc2 Bxg2 21. Kxg2 Rfd8 22. b4 Nb3 23. Rab1 Rxd1 24. Rxd1 Rd8 25. Rxd8+ Bxd8 26. Kf3 f5 27. Be5 Nd2+ 28. Kg2 Nc4 29. Bc3 Kf7 30. f4 g5 31. Kf3 g4+ 32. Kf2 h5 33. e3 Be7 34. Ke2 Nd6 35. Be1 Ne4 36.
Nd4 Bf6 37. Nb3 Ke7 38. Kd3 Kd7 39. Kc4 Kc6 40. Nd4+ Kd7 41. Nb3 Be7 42. Nc1 Kc6 43. Nd3 Bd6 44. Nf2 Nf6 45. Bd2 Nd7 46. e4 Be7 47. e5 b5+ 48. Kd3 Nb8 49. Nd1 Kd7 50.
Ne3 Nc6 51. Nc2 h4 52. Ke3 h3 53. Bc3 Bf8 54. Kd3 Ne7 55. Ne3 Kc6 56. Bd4 Nd5 57. Nxd5 Kxd5 58. Bc3 Be7 59. Be1 Bd8 60. Bd2 Bc7 61.
Be1 Bb8 62. Bd2 Ba7 63. Be1 Bg1 64. Kc3 Ke4 65. Bf2 Bxf2 0-1

[Event "Late-Titled-Tuesday-Blitz-January-16-2024"]
[Site "Chess.com"]
[Date "2024.01.16"]
[Round "3"]
[White "Verony64"]
[Black "IranianCheetah"]
[Result "1-0"]
[WhiteElo "2181"]
[BlackElo "2365"]
[TimeControl "180+1"]
[EndTime "14:27:49 PST"]
[Termination "Verony64 won by checkmate"]

1. e4 e5 2. Nf3 Nc6 3. Bc4 Bc5 4.
c3 Nf6 5. d3 a6 6. O-O d6 7. Bb3 Ba7 8. Be3 Ne7 9. h3 Ng6 10.
Nbd2 O-O 11. Re1 c6 12. Nf1 Be6 13. Qd2 Re8 14. g4 Qd7 15. Ng3 Bxg4 16. hxg4 Qxg4 17. Nh2 Qh3 18. Bxa7 Nh4 19. f4 Qxg3+ 20. Kh1 Rxa7 21. f5 Nf3 22. Nxf3 Qxf3+ 23. Kg1 Qg3+ 24. Kh1 Ng4 25. Rf1 Qh3+ 26. Kg1 Qg3+ 27. Kh1 d5 28.
Rae1 Raa8 29. exd5 Qh3+ 30. Kg1 Qg3+ 31. Kh1 e4 32. dxe4 cxd5 33. Bxd5 Rad8 34. Qg2 Qh4+ 35. Kg1 Rd6 36. Re2 Rh6 37. Rf4 Qh5 38. Rxg4 g6 39. fxg6 hxg6 40. Rf2 Re7 41. Rgf4 Rh7 42. Rg4 Kf8 43. Rxg6 Qd1+ 44. Rf1 Qh5 45. Rg8# 1-0

[Event "Late-Titled-Tuesday-Blitz-January-16-2024"]
[Site "Chess.com"]
[Date "2024.01.16"]
[Round "3"]
[White "Hrant_ChessMood"]
[Black "Russian_berezka"]
[Result "1-0"]
[WhiteElo "2897"]
[BlackElo "2583"]
[TimeControl "180+1"]
[EndTime "14:27:50 PST"]
[Termination "Hrant_ChessMood won by resignation"]

1. Nf3 c5 2. c4 Nf6 3. Nc3 b6 4. d4 cxd4 5. Nxd4 Bb7 6. f3 e5 7. Nf5 d5 8. cxd5 Nxd5 9. Nxd5 Qxd5 10. Qxd5 Bxd5 11. e4 Be6 12. Bb5+ Bd7 13. Bc4 Bb4+ 14. Bd2 Bxd2+ 15. Kxd2 Be6 16. Nxg7+ Ke7 17. Nf5+ Bxf5 18. exf5 Nc6 19. Ke3 Nd4 20. Bd3 Rac8 21. Rac1 h5 22. Rxc8 Rxc8 23. g4 h4 24. g5 Rh8 25. f4 Kd6 26. Ke4 Nc6 27. Bb5 exf4 28. Rd1+ Kc5 29.
Rd5+ Kb4 30. Bxc6 Rc8 31. a3+ Kc4 32. Bb5+ Kb3 33. Kxf4 Kxb2 34. g6 fxg6 35. fxg6 Kxa3 36.
g7 Rg8 37. Rd7 Kb4 38. Bd3 a5 39. Bh7 Rc8 40. g8=Q Rxg8 41. Bxg8 a4 42. Kg4 b5 43. Kxh4 Ka3 44. Kg5 b4 45. Rb7 b3 46. h4 b2 47. Bh7 Ka2 48. h5 a3 49. h6 Ka1 50.
Rxb2 a2 51. Rxa2+ Kxa2 52. Bg8+ Kb2 53. h7 Ka3 54. h8=Q Kb4 55. Qd4+ Kb5 1-0

[Event "Late-Titled-Tuesday-Blitz-January-16-2024"]
[Site "Chess.com"]
[Date "2024.01.16"]
[Round "3"]
[White "Antipov_Mikhail_Al"]
[Black "sofaceindisguise"]
[Result "1/2-1/2"]
[WhiteElo "2921"]
[BlackElo "2659"]
[TimeControl "180+1"]
[EndTime "14:27:51 PST"]
[Termination "Game drawn by repetition"]

1. e4 e5 2. Nf3 Nc6 3. Bc4 Nf6 4. d3 h6 5. h3 Bc5 6. Nbd2 d6 7. c3 a6 8. a4 Ba7 9. Nf1 O-O 10. Ng3 Ne7 11.
Bb3 Ng6 12. O-O c6 13. d4 Qc7 14.
Bc2 Re8 15. a5 Be6 16. Re1 Rad8 17. Bd2 Bc8 18. Qc1 Kh7 19. Be3 Qb8 20. Ra4 c5 21. dxe5 dxe5 22. Nf5 Ng8 23. Nd2 Be6 24. g3 N6e7 25.
Nf3 Nc6 26. Kg2 Qc7 27. h4 c4 28. Bxa7 Nxa7 29. Rh1 Nc6 30. Ng5+ Kh8 31. Nxe6 Rxe6 32.
Rxc4 Qxa5 33. Rd1 Nf6 34. Ne3 Red6 35. Rxd6 Rxd6 36. Bb3 Qb6 37. Qc2 g6 38. Ra4 Kg7 39. Ra1 h5 40. Rd1 Qd8 41. Rxd6 Qxd6 42. Nd5 b5 43.
Nxf6 Qxf6 44. Qd3 Qd8 45. Bd5 Ne7 46. c4 Qb6 47. cxb5 axb5 48. b4 Nc6 49. Bxc6 Qxc6 50. Kf3 Kf6 51. Qd8+ Kg7 52. Qd3 Kf6 53. Qd8+ Kg7 54.
Qd3 1/2-1/2

[Event "Late-Titled-Tuesday-Blitz-January-16-2024"]
[Site "Chess.com"]
[Date "2024.01.16"]
[Round "3"]
[White "dasatcu90"]
[Black "ozates"]
[Result "0-1"]
[WhiteElo "2291"]
[BlackElo "2573"]
[TimeControl "180+1"]
[EndTime "14:27:52 PST"]
[Termination "ozates won on time"]

1. d4 Nf6 2. Nf3 d5 3. e3 Bf5 4. Bd3 Bg6 5. Ne5 Nbd7 6. Nxg6 hxg6 7. h3 e6 8. c4 c6 9. Nc3 dxc4 10. Bxc4 b5 11.
Be2 a6 12. Bf3 Qc7 13. Qc2 Rc8 14. Bd2 c5 15. dxc5 Bxc5 16. a4 b4 17. Ne4 Nxe4 18.
Qxe4 Ne5 19. Be2 f5 20. Qc2 a5 21. Qb3 Qd6 22. Rd1 Qd5 23. Bb5+ Ke7 24. Qxd5 exd5 25.
Ke2 Kf6 26. b3 Rhd8 27. Bc1 d4 28. Bb2 Bb6 29. exd4 Rc2+ 30. Rd2 Rxd2+ 31. Kxd2 Bxd4 32. Bxd4 Rxd4+ 33. Kc2 Ke6 34. Re1 g5 35. Re2 Rd8 36.
Bc4+ Kf6 37. Bb5 f4 38. Rd2 Rc8+ 39. Kd1 Rc3 40. Rd6+ Kf7 41. Rd5 Ke6 42. Rd8 Rxb3 43. Re8+ Kf6 44. Rf8+ Ke7 45. Re8+ Kd6 46. Ra8 Rb2 0-1

[Event "Late-Titled-Tuesday-Blitz-January-16-2024"]
[Site "Chess.com"]
[Date "2024.01.16"]
[Round "3"]
[White "finec2"]
[Black "RichardLeyvaP"]
[Result "1/2-1/2"]
[WhiteElo "2292"]
[BlackElo "2523"]
[TimeControl "180+1"]
[EndTime "14:27:52 PST"]
[Termination "Game drawn by repetition"]

1. e4 e5 2. Nf3 Nc6 3. Bc4 Nf6 4.
d3 Bc5 5. c3 a6 6. Bb3 Ba7 7.
O-O d6 8. Nbd2 O-O 9. Nc4 h6 10.
Re1 Re8 11. h3 Be6 12. Be3 Bxe3 13. Nxe3 d5 14. Bc2 d4 15. Nf1 Nd7 16. cxd4 Nxd4 17. Nxd4 exd4 18. Bb3 c5 19. Bxe6 fxe6 20. Rc1 b5 21.
Nd2 Rc8 22. a4 Qa5 23. axb5 axb5 24. Qc2 Qb4 25. b3 e5 26. Ra1 Ra8 27. Rec1 Kh7 28. Qb2 Rec8 29. Nf1 Nb6 30. Qd2 Qxd2 31. Nxd2 Rxa1 32.
Rxa1 c4 33. bxc4 bxc4 34. dxc4 Nxc4 35. Nxc4 Rxc4 36. Ra5 Rc1+ 37. Kh2 Rc2 38. Kg3 Rc3+ 39. f3 Rc8 40. Rxe5 Kg6 41. Rd5 Rc4 42. Kf4 Kf6 43. g4 g5+ 44. Kg3 Ke6 45. h4 Kf6 46. hxg5+ hxg5 47. Rf5+ Kg6 48. Rd5 Kf6 49. Rf5+ Kg6 50. Rd5 Kf6 1/2-1/2

[Event "Late-Titled-Tuesday-Blitz-January-16-2024"]
[Site "Chess.com"]
[Date "2024.01.16"]
[Round "3"]
[White "NovakRatko"]
[Black "GMFYHR1"]
[Result "0-1"]
[WhiteElo "2302"]
[BlackElo "2468"]
[TimeControl "180+1"]
[EndTime "14:27:53 PST"]
[Termination "GMFYHR1 won on time"]

1. d4 d5 2. c4 c6 3. cxd5 cxd5 4. Nc3 Nf6 5. f3 Nc6 6. e4 e6 7. e5 Nd7 8. f4 Be7 9. f5 exf5 10. Nxd5 Qa5+ 11.
Nc3 Bb4 12. Ne2 Nb6 13. Bd2 Nc4 14. Qc2 Nxd2 15. Qxd2 O-O 16. Rd1 Rd8 17. a3 Be7 18. Qf4 Be6 19. Ng3 g6 20. Bb5 Bb3 21. Rd2 Bxa3 22. Bxc6 bxc6 23. bxa3 Qxc3 24. O-O Be6 25. h4 c5 26. Rc1 Qxc1+ 27. Kh2 cxd4 28. Rxd4 Qxf4 29.
Rxf4 Rd3 30. a4 Re3 31. h5 Rxe5 32. hxg6 fxg6 33. Rb4 a5 34. Rb7 Bd5 35. Rd7 Bc6 36.
Rd6 Bxa4 37. Nf1 Bb5 38. Nd2 a4 39. Nf3 Re2 40. Rb6 Be8 41. Nd4 Rd2 42. Nf3 Rc2 0-1

[Event "Late-Titled-Tuesday-Blitz-January-16-2024"]
[Site "Chess.com"]
[Date "2024.01.16"]
[Round "3"]
[White "platy3"]
[Black "MrChessSponge"]
[Result "1-0"]
[WhiteElo "2895"]
[BlackElo "2554"]
[TimeControl "180+1"]
[EndTime "14:27:55 PST"]
[Termination "platy3 won by resignation"]

1. e4 c5 2. Nf3 d6 3. Bb5+ Nd7 4. a4 Nf6 5. Nc3 e6 6. O-O Be7 7. Re1 O-O 8. a5 Ne5 9. a6 bxa6 10. Bxa6 Bxa6 11.
Rxa6 Qc8 12. Ra2 Nxf3+ 13. Qxf3 Nd7 14. d3 Bf6 15. Qg3 Be5 16. Bf4 Bxf4 17. Qxf4 Ne5 18. Rea1 a6 19. b3 Rd8 20. h3 h6 21. Nd1 Nc6 22.
Ne3 Nb4 23. Ra4 d5 24. Rc1 dxe4 25. Qxe4 Rd4 26. Qf3 Rd6 27. Nc4 Rc6 28. Ra5 Ra7 29.
Nd2 Qd8 30. Ra4 Rc8 31. Ne4 Nd5 32. Rca1 Nb4 33. Qe2 a5 34. Qd2 Qc7 35. Qc3 Nd5 36. Qb2 Nb4 37. Nd2 Rd8 38. Nc4 Rda8 39. Qc3 Nd5 40.
Qd2 Nb4 41. Re1 Rd8 42. Re3 Rd5 43. Rg3 Kh8 44. Qe2 Ra8 45. Qg4 Rg5 46. Qe4 Nd5 47. Rxg5 hxg5 48. Ra1 Kg8 49. Ne5 f6 50. Nc4 Ra7 51.
Qxe6+ Qf7 52. Qc8+ Kh7 53. Qxc5 Nb4 54. Rxa5 Nxc2 55.
Rxa7 1-0

[Event "Late-Titled-Tuesday-Blitz-January-16-2024"]
[Site "Chess.com"]
[Date "2024.01.16"]
[Round "3"]
[White "mbchess97"]
[Black "Njal28"]
[Result "0-1"]
[WhiteElo "2408"]
[BlackElo "3019"]
[TimeControl "180+1"]
[EndTime "14:27:55 PST"]
[Termination "Njal28 won on time"]

1. c4 g6 2. g3 Bg7 3. Bg2 Nc6 4. Nf3 d6 5. d4 Bd7 6. O-O Qc8 7.
Nc3 Bh3 8. e4 h5 9. Bg5 Bg4 10.
Ne2 h4 11. Bxh4 f6 12. d5 Nd8 13. Qd2 g5 14. Bxg5 fxg5 15. Nxg5 Nf6 16. f4 Bxe2 17.
Qxe2 Ng4 18. h3 Bd4+ 19. Kh1 Ne3 20. Rf3 Nxg2 21. Kxg2 Bf6 22. h4 Qg4 23. c5 Rxh4 24. cxd6 cxd6 25. Qb5+ Kf8 26. e5 Bxg5 27. fxg5+ Kg7 28.
Qe8 Rh2+ 29. Kxh2 Qxf3 30. Qxe7+ Nf7 31. Qf6+ Qxf6 32. gxf6+ Kg6 33. e6 Ne5 34. f7 Kf6 35. Rf1+ Ke7 36. Kg2 Ng4 37. Rf4 Ne3+ 38. Kf2 Nxd5 39. Re4 Nc7 40. g4 Nxe6 41. g5 Kxf7 42. g6+ Kf6 43. Rb4 Rb8 44. a4 Kxg6 45. a5 a6 46. Rb6 Kf6 47. Rxd6 Ke7 48. Rb6 Kd7 49. Ke2 Nd8 50. Kd2 Nc6 0-1